 Dungeon Crawl Stone Soup version 0.19.1 (webtiles) character file.

8122 Hamenopi the Grappler (level 11, -3/102 HPs)
             Began as a Troll Berserker on May 9, 2017.
             Was a High Priest of Trog.
             Slain by Harold
             ... wielding a +0 glaive
              (12 damage)
             ... on level 10 of the Dungeon on May 10, 2017.
             The game lasted 00:56:13 (7387 turns).

Hamenopi the Grappler (Troll Berserker)             Turns: 7387, Time: 00:56:14

Health: -3/102     AC: 11    Str: 30    XL:     11   Next: 5%
Magic:  10/10      EV: 12    Int:  3    God:    Trog [*****.]
Gold:   663        SH:  0    Dex:  9    Spells: 0 memorised, 10 levels left

rFire  . . .     SeeInvis +       - Unarmed
rCold  + . .     Gourm    +     I - +0 steam dragon scales
rNeg   . . .     Faith    .     (no shield)
rPois  .         Spirit   .     (helmet restricted)
rElec  .         Reflect  .     F - +2 cloak
rCorr  .         Harm     .     (gloves unavailable)
MR     .....                    (boots unavailable)
Stlth  ++........               (no amulet)
                                Q - ring of see invisible
                                h - ring of protection from cold

@: no status effects
A: unfitting armour, beak, claws 3, fast metabolism 3, gourmand, regeneration 1,
shaggy fur 1, tough skin 2, MP-powered wands, sturdy frame 1
a: Berserk, Trog's Hand, Brothers in Arms, Burn Spellbooks, Renounce Religion


You were on level 10 of the Dungeon.
You worshipped Trog.
Trog was extremely pleased with you.
You were completely stuffed.

You visited 2 branches of the dungeon, and saw 11 of its levels.

You collected 663 gold pieces.

Inventory:

Hand Weapons
 q - a +1 dagger of protection
 w - a +2 mace of protection
 x - the +6 demon trident "Ozxin" {elec, *Drain rPois rF+++ Dex+4, unknown}
   (You took it off an orc on level 9 of the Dungeon)

   Occasionally, upon striking a foe, it will discharge some electrical energy
   and cause terrible harm.
   It affects your dexterity (+4).
   It renders you almost immune to fire.
   It protects you from poison.
   It causes draining when unequipped.
 G - a +0 dagger of speed
 N - a +1 morningstar of holy wrath
Missiles
 c - 297 stones
 n - 3 large rocks (quivered)
 K - 3 tomahawks of dispersal
Armour
 a - a +0 animal skin
 F - a +2 cloak (worn)
 I - +0 steam dragon scales (worn)
Magical Staves
 S - an uncursed staff of poison {unknown}
 U - an uncursed staff of wizardry {unknown}
Jewellery
 h - a ring of protection from cold (left claw)
 E - an uncursed ring of wizardry
 Q - a ring of see invisible (right claw)
Wands
 k - a wand of polymorph (14/24)
 r - a wand of disintegration (14/24)
Scrolls
 d - a scroll of remove curse
 e - 6 scrolls of identify
 g - a scroll of enchant weapon
 j - 2 scrolls of fog
 u - 3 scrolls of noise
 A - a scroll of teleportation
Potions
 l - 4 potions of curing
 s - a potion of agility
 B - 2 potions of flight
 J - 2 potions of heal wounds
Books
 m - a book of Cantrips

   Spells                             Type                      Level
   a - Confusing Touch                Hexes                        1
   b - Animate Skeleton               Necromancy                   1
   c - Summon Small Mammal            Summoning                    1
   d - Apportation                    Translocation                1
   Trog disapproves of the use of such an item.
 t - a book of Changes

   Spells                             Type                      Level
   a - Beastly Appendage              Transmutation                1
   b - Sticks to Snakes               Transmutation                2
   c - Spider Form                    Transmutation/Poison         3
   d - Ice Form                       Ice/Transmutation            4
   e - Blade Hands                    Transmutation                5
   Trog disapproves of the use of such an item.
 y - a book of Geomancy

   Spells                             Type                      Level
   a - Sandblast                      Earth                        1
   b - Passwall                       Transmutation/Earth          2
   c - Stone Arrow                    Conjuration/Earth            3
   d - Petrify                        Transmutation/Earth          4
   e - Lee's Rapid Deconstruction     Earth                        5
   Trog disapproves of the use of such an item.
 H - a Young Poisoner's Handbook

   Spells                             Type                      Level
   a - Sting                          Conjuration/Poison           1
   b - Mephitic Cloud                 Conjuration/Poison/Air       3
   c - Olgreb's Toxic Radiance        Poison                       4
   d - Alistair's Intoxication        Transmutation/Poison         5
   e - Venom Bolt                     Conjuration/Poison           5
   Trog disapproves of the use of such an item.
Comestibles
 b - 7 bread rations
 f - 7 fruits
 i - 2 beef jerkies
 p - 3 meat rations
 C - 5 chunks of flesh
 M - a slice of pizza
 T - a royal jelly


   Skills:
 + Level 5.0 Fighting
 + Level 3.9 Throwing
 + Level 6.9 Dodging
 + Level 2.4 Stealth
 + Level 12.8 Unarmed Combat
 + Level 0.8 Evocations


You had 10 spell levels left.
You didn't know any spells.

Dungeon Overview and Level Annotations

Branches:
Dungeon (10/15)            Temple (1/1) D:4            Lair (0/6) D:10
    Orc: D:9-12

Altars:
Ashenzari
Cheibriados
Dithmenos
Elyvilon
Fedhas
Gozag
Hepliaklqana
Kikubaaqudgha
Makhleb
Nemelex Xobeh
Okawaru
Qazlal
Ru
Sif Muna
Trog
Uskayaw
Vehumet
Xom
Yredelemnul
Zin
The Shining One

Shops:
D:6 %

Annotations:
D:10 Harold


Innate Abilities, Weirdness & Mutations

You are too large for most types of armour.
You have claws for hands.
Your metabolism is lightning-fast.
You like to eat raw meat.
Your natural rate of healing is unusually fast.
You are covered in fur. (AC +1)
You have very tough skin. (AC +2)
You have a beak for a mouth.
You expend magic power (3 MP) to strengthen your wands.
Your movements are slightly less encumbered by armour. (ER -2)


Message History

The orc warrior hits you with a short sword.
You mangle the orc warrior!!
You peck the orc warrior, but do no damage.
The orc warrior is almost dead.
Harold hits you from afar with a glaive!
The orc warrior barely misses you.
You scratch the orc warrior but do no damage.
The orc warrior is almost dead.
You claw the orc warrior!
You kill the orc warrior!
Trog accepts your kill. Harold gestures at you while chanting.
The bolt of fire hits you!
* * * LOW HITPOINT WARNING * * *
You feel much better.
Harold points at you and mumbles some strange words.
The bolt of fire hits you!
* * * LOW HITPOINT WARNING * * *
Harold hits you with a glaive!
You die...

......# ............#. #......
......## ............. ##......
.......# .........# #.......
.......# .......# ##.......
.......# #....# #........
.......## #.# #........
........##### #.## #........
.........#..#######.# #........
.........(.....@@.#.##
###......
......#...........)..#
##....###
...o.###.............####....##
##.### ##.............##[....#
#..@or.....................##
#..r.o.....................#
#..rr..........†.....#....##
#...r...............####..##
#.......>...........# ##..## #


You could see Harold.

Vanquished Creatures
  The ghost of spsoon the Grappler, a novice VSTm of Gozag (D:9)
  Pikel (D:6)
  The ghost of luckyleol the Poker, a novice DrBe of Trog (D:6)
  Maurice (D:8)
  A centaur skeleton (D:10)
  A kobold demonologist (D:8)
  The ghost of spsoon the Changer, a novice VSTm of Gozag (D:5)
  A troll (D:9)
  2 hippogriffs (D:8)
  A steam dragon (D:8)
  A hungry ghost (D:7)
  3 orc warriors
  2 ice beasts
  A black bear (D:7)
  2 sky beasts
  3 phantoms
  2 slaves (D:6)
  2 ogres
  5 centaurs
  16 big kobolds
  5 bullfrogs
  A wyvern skeleton (D:7)
  4 scorpions
  2 crimson imps
  2 bullfrog zombies
  A hound (D:5)
  7 orc priests
  11 orc wizards
  Jessica (D:2)
  6 iguanas
  Terence (D:2)
  A hell rat (D:10)
  8 worker ants
  A killer bee zombie (D:8)
  A hound skeleton (D:6)
  A worker ant zombie (D:8)
  8 gnolls
  2 howler monkey skeletons
  14 adders
  2 river rats (D:10)
  2 shadow imps (D:6)
  2 adder zombies
  An adder skeleton (D:5)
  4 worms
  A dart slug (D:1)
  8 leopard geckos
  27 orcs
  A ball python (D:2)
  3 bats
  A giant cockroach (D:2)
  8 hobgoblins
  12 jackals
  22 kobolds
  4 quokkas
  2 frilled lizards (D:2)
  10 goblins
  A leopard gecko zombie (D:7)
  A quokka skeleton (D:7)
  5 rats
242 creatures vanquished.

Vanquished Creatures (others)
  An orc wizard (D:8)
  A goblin (D:2)
2 creatures vanquished.

Grand Total: 244 creatures vanquished

Notes
Turn   | Place    | Note
-------+----------+-------------------------------------------
     0 | D:1      | Hamenopi the Troll Berserker began the quest for the Orb.
     0 | D:1      | Reached XP level 1. HP: 22/22 MP: 0/0
   248 | D:1      | Reached XP level 2. HP: 29/29 MP: 1/1
   855 | D:2      | Reached XP level 3. HP: 36/36 MP: 2/2
   880 | D:2      | Found a burning altar of Makhleb.
   882 | D:2      | Noticed a green death
   993 | D:2      | Found a glowing silver altar of Zin.
   995 | D:2      | Noticed an angel
  1010 | D:2      | Found a radiant altar of Vehumet.
  1030 | D:2      | Noticed Terence
  1045 | D:2      | Killed Terence
  1045 | D:2      | Reached ** piety under Trog
  1045 | D:2      | Reached XP level 4. HP: 39/44 MP: 3/3
  1088 | D:2      | Found a sacrificial altar of Ru.
  1094 | D:2      | Reached skill level 4 in Unarmed Combat
  1121 | D:2      | Noticed Jessica
  1143 | D:2      | Killed Jessica
  1197 | D:2      | Found a blossoming altar of Fedhas.
  1330 | D:3      | Reached XP level 5. HP: 53/53 MP: 4/4
  1504 | D:3      | Found an iron altar of Okawaru.
  2022 | D:3      | Found a deep blue altar of Sif Muna.
  2150 | D:4      | Reached *** piety under Trog
  2150 | D:4      | Reached skill level 5 in Unarmed Combat
  2153 | D:4      | Reached XP level 6. HP: 33/61 MP: 5/5
  2371 | D:4      | Reached skill level 6 in Unarmed Combat
  2412 | D:4      | Found a staircase to the Ecumenical Temple.
  2425 | Temple   | Entered the Ecumenical Temple
  2709 | D:4      | Reached XP level 7. HP: 53/67 MP: 6/6
  2896 | D:5      | Entered Level 5 of the Dungeon
  2946 | D:5      | Noticed spsoon's ghost (novice VSTm)
  2964 | D:5      | Killed spsoon's ghost
  2964 | D:5      | Reached skill level 1 in Throwing
  3036 | D:5      | Reached skill level 7 in Unarmed Combat
  3163 | D:5      | Found a basalt altar of Yredelemnul.
  3167 | D:5      | Found a shimmering altar of Xom.
  3168 | D:5      | Found an opulent altar of Gozag.
  3190 | D:5      | Reached skill level 1 in Stealth
  3321 | D:5      | Reached XP level 8. HP: 67/75 MP: 7/7
  3476 | D:5      | Reached **** piety under Trog
  3796 | D:6      | Found a sparkling altar of Nemelex Xobeh.
  3815 | D:6      | Reached skill level 8 in Unarmed Combat
  3901 | D:6      | Noticed luckyleol's ghost (novice DrBe)
  3914 | D:6      | Killed luckyleol's ghost
  3914 | D:6      | Reached skill level 5 in Dodging
  3914 | D:6      | Reached skill level 9 in Unarmed Combat
  3987 | D:6      | Reached XP level 9. HP: 70/84 MP: 8/8
  4140 | D:6      | Found a glowing golden altar of the Shining One.
  4224 | D:6      | Noticed Pikel
  4257 | D:6      | Killed Pikel
  4257 | D:6      | Reached skill level 10 in Unarmed Combat
  4326 | D:6      | You fall through a shaft!
  4485 | D:6      | Reached ***** piety under Trog
  4554 | D:6      | Found Hush's Food Shop.
  4622 | D:6      | Received a gift from Trog
  5567 | D:7      | Reached XP level 10. HP: 74/94 MP: 9/9
  5604 | D:8      | Reached skill level 11 in Unarmed Combat
  5687 | D:8      | Noticed Maurice
  5716 | D:8      | Killed Maurice
  5940 | D:8      | Received a gift from Trog
  5959 | D:8      | Reached skill level 5 in Fighting
  5959 | D:8      | Reached skill level 12 in Unarmed Combat
  6657 | D:9      | Gained mutation: You expend magic power (3 MP) to strengthen your wands. [potion of mutation]
  6657 | D:9      | Gained mutation: Your movements are slightly less encumbered by armour. (ER -2) [potion of mutation]
  6657 | D:9      | Gained mutation: You have a beak for a mouth. [potion of mutation]
  6815 | D:9      | Got a jewelled demon trident {elec}
  7087 | D:9      | Noticed spsoon's ghost (novice VSTm)
  7090 | D:9      | Killed spsoon's ghost
  7090 | D:9      | Received a gift from Trog
  7203 | D:10     | Entered Level 10 of the Dungeon
  7218 | D:10     | Found a staircase to the Lair.
  7219 | D:10     | Noticed Harold
  7318 | D:10     | Reached XP level 11. HP: 102/102 MP: 10/10
  7387 | D:10     | Slain by Harold

Skill      XL: |  1  2  3  4  5  6  7  8  9 10 |
---------------+-------------------------------+-----
Dodging        | 3 4 5 6 |  6.9
Unarmed Combat | 4 5 6 7 9 10 12 | 12.8
Fighting       | 3 4 5 |  5.0
Throwing       | 1 2 3 |  3.9
Stealth        | 1 2 |  2.4
Evocations     | |  0.8

Action                   |  1- 3 |  4- 6 |  7- 9 | 10-12 || total
-------------------------+-------+-------+-------+-------++-------
Melee: Unarmed           |    63 |   142 |   270 |   219 ||   694
       Punch             |       |     3 |     9 |    12 ||    24
       Peck              |       |       |       |    17 ||    17
Throw: Stone             |     4 |    17 |     8 |    11 ||    40
       Large rock        |       |       |     8 |    11 ||    19
Invok: Berserk           |       |     2 |     3 |     4 ||     9
       Trog's Hand       |       |       |     1 |       ||     1
Evoke: Wand              |       |     4 |     2 |     2 ||     8
  Use: Scroll            |     1 |     7 |     1 |     2 ||    11
       Potion            |       |     3 |     7 |     5 ||    15
 Stab: Paralysed         |       |     1 |       |       ||     1
       Sleeping          |       |       |     3 |       ||     3
  Eat: Chunk             |    15 |    14 |    30 |    25 ||    84
Armor: Animal skin       |    16 |    23 |    44 |     4 ||    87
       Steam dragon scal |       |       |       |    52 ||    52
Dodge: Dodged            |    24 |    70 |   116 |    99 ||   309
